 Dungeon Crawl Stone Soup version 0.27.0 (webtiles) character file.

Game seed: 10387439611940581450

4 shadowrider38 the Chopper (level 1, 0/20 HPs)
             Began as a Minotaur Berserker on July 30, 2021.
             Was a Follower of Trog.
             Slain by a quokka (3 damage)
             ... on level 1 of the Dungeon.
             The game lasted 00:00:21 (111 turns).

shadowrider38 the Chopper (Minotaur Berserker)       Turns: 111, Time: 00:00:22

Health: 0/20       AC:  2    Str: 21    XL:     1   Next: 50%
Magic:  0/0        EV: 12    Int:  4    God:    Trog [*.....]
Gold:   3          SH:  0    Dex:  9    Spells: 0/0 levels left

rFire    . . .     SeeInvis .   a - +0 hand axe
rCold    . . .     Faith    .   (no shield)
rNeg     . . .     Spirit   .   b - +0 animal skin
rPois    .         Reflect  .   (helmet restricted)
rElec    .         Harm     .   (no cloak)
rCorr    .         Rampage  .   (no gloves)
Will     .....                  (no boots)
Stlth    +.........             (no amulet)
HPRegen  0.06/turn              (no ring)
MPRegen  0.07/turn              (no ring)

@: no status effects
A: horns 2, retaliatory headbutt
a: Renounce Religion, Berserk


You were on level 1 of the Dungeon.
You worshipped Trog.
Trog was aware of your devotion.
You visited 1 branch of the dungeon, and saw 1 of its levels.

You collected 3 gold pieces.

Inventory:

Hand Weapons
 a - a +0 hand axe (weapon)
Armour
 b - a +0 animal skin (worn)
Scrolls
 c - a scroll of silence {unknown}


   Skills:
 + Level 3.7 Fighting
 + Level 3.8 Axes
 + Level 2.5 Armour
 + Level 2.2 Dodging


You couldn't memorise any spells.
You didn't know any spells.
Your spell library was empty.

Dungeon Overview and Level Annotations

Branches:
Dungeon (1/15)

Altars:


Innate Abilities, Weirdness & Mutations

You have a pair of horns on your head.
You reflexively headbutt those who attack you in melee.


Message History

No reachable target in view!
No reachable target in view!
No reachable target in view!
No reachable target in view!
No reachable target in view!
No reachable target in view!
A kobold is nearby!
A kobold is nearby!
A kobold is nearby!
A kobold is nearby!
No reachable target in view!
No reachable target in view!
The kobold shouts!
You hear a shout!
A kobold comes into view. It is wielding a +0 short sword.
The kobold hits the fungus with a +2 dagger of venom.
The fungus begins to die.
The fungus is poisoned.
A quokka comes into view.
An endoplasm comes into view.
The endoplasm quivers.
You hit the kobold.
You kill the kobold!
Trog accepts your kill.
A quokka comes into view.
You see here a +0 short sword.
A nearby fungus withers and dies.
The kobold hits you with a +2 dagger of venom.
You are poisoned.
You feel sick.
The kobold throws a stone.
The stone hits you.
You feel sick.
The kobold throws a stone.
The stone barely misses you.
You feel sick.
You feel sick.
You feel sick.
You feel sick.
The endoplasm hits the plant.
The plant begins to die.
You feel sick.
You are no longer poisoned.
The quokka bites you.
* * * LOW HITPOINT WARNING * * *
You hit the quokka but do no damage. The quokka bites you.
* * * LOW HITPOINT WARNING * * *
You closely miss the quokka. The quokka bites you.
You die...

#...# #...# #...# .# #...#
## #. #...# ### ...
#.##########...#....
...#####...r.........>.....
.....#.###r..J.....)......
#......@#).(............
##.....###.#.PP....P.###
##..)#.#.##..P.PP......
##.###.# #..♣P.....### #.#
### #...._♣P..# ########
#.# #.P..♣♣.P.# ####......#
#.# #...♣P P..# #.......#.#
#.# ....... ..#
.....##.#.###.# #.......


You could see an endoplasm and 2 quokkas.

Vanquished Creatures
  An endoplasm (D:1)
  2 kobolds (D:1)
  A goblin (D:1)
4 creatures vanquished.

Vanquished Creatures (others)
  A fungus (D:1)
  A plant (D:1)
2 creatures vanquished.

Grand Total: 6 creatures vanquished

Notes
Turn   | Place    | Note
-------+----------+-------------------------------------------
     0 | D:1      | shadowrider38 the Minotaur Berserker began the quest for
                  | the Orb.
     0 | D:1      | Reached XP level 1. HP: 19/19 MP: 0/0
    91 | D:1      | Found a faded altar of an unknown god.
   111 | D:1      | Slain by a quokka

Illustrated notes

Levels and vault maps discovered:
D:1:      eino_arrival_cavern_b, layout_loops_cross,
          dreamdust_ecumenical_altar_grove

Action                   || total
-------------------------++-------
Melee: Hand axe          ||     9
 Stab: Sleeping          ||     1
Armor: Animal skin       ||     1
Dodge: Dodged            ||     4
